 Dungeon Sprint DCSS version 0.30-a0-458-g86641cc369 (webtiles) character file.

Game seed: 2318680988900979828

2768 rocky1 the Fighter (level 9, -3/110 HPs)
             Began as an Ogre Gladiator on Dec 14, 2022.
             Was the Champion of Cheibriados.
             Slain by a snapping turtle (27 damage)
             ... in the Dungeon (Sprint VII: "The Pits").
             The game lasted 00:03:39 (1181 turns).

rocky1 the Fighter (Ogre Gladiator)                 Turns: 1181, Time: 00:03:40

Health: -3/110     AC:  3    Str: 39    XL:     9   Next: 69%
Magic:  17/17      EV: 18    Int: 24    God:    Cheibriados [******]
Gold:   0          SH:  0    Dex: 25    Spells: 8/8 levels left

rFire   . . .      SeeInvis .    s - +1 broad axe (flame)
rCold   . . .      Faith    .    (no shield)
rNeg    . . .      Spirit   .    b - +0 robe
rPois   .          Reflect  .    c - +0 hat
rElec   .          Harm     .    (no cloak)
rCorr   .          Rampage  .    (gloves unavailable)
Will    .....      NoTele   +    (boots unavailable)
Stlth   ++........               (no amulet)
HPRegen 0.38/turn                (no ring)
MPRegen 0.15/turn                (no ring)

@: very slow
A: large, unfitting armour, tough skin 1
a: Renounce Religion, Bend Time, Temporal Distortion, Slouch, Step From Time


You were in the Dungeon.
You worshipped Cheibriados.
Cheibriados was exalted by your worship.
You visited 1 branch

Inventory:

Hand Weapons
 o - a +2 hand axe of freezing
 s - a +1 broad axe of flaming (weapon)
 t - a +2 vorpal morningstar
Missiles
 d - 3 throwing nets
 e - a large rock (quivered)
 p - 3 poisoned darts
Armour
 b - a +0 robe (worn)
 c - a +0 hat (worn)
Jewellery
 q - a +3 ring of evasion
 r - a +3 ring of intelligence
Scrolls
 m - 5 scrolls of amnesia
Potions
 f - 9 potions of curing
 g - 8 potions of heal wounds
 h - 2 potions of haste
 i - 4 potions of magic
 j - 6 potions of berserk rage
 l - 2 potions of invisibility


   Skills:
 + Level 13.0 Fighting
 + Level 11.2(12.5) Axes
 + Level 8.1(10.5) Maces & Flails
 - Level 2.0 Throwing
 + Level 9.6 Dodging
 + Level 10.7 Invocations


You had 8 spell levels left.
You didn't know any spells.
Your spell library was empty.

Dungeon Overview and Level Annotations

Branches:
Dungeon (1/1)

Altars:
Ashenzari
Cheibriados
Dithmenos
Elyvilon
Fedhas
Gozag
Hepliaklqana
Kikubaaqudgha
Makhleb
Nemelex Xobeh
Okawaru
Qazlal
Ru
Sif Muna
Trog
Uskayaw
Vehumet
Wu Jian
Xom
Yredelemnul
Zin
The Shining One
Jiyva
Lugonu


Innate Abilities, Weirdness & Mutations

You are too large for most types of armour.
You have tough skin. (AC +1)


Message History

You slice the snapping turtle!! You burn the snapping turtle.
The snapping turtle is heavily wounded.
The snapping turtle misses you.
You hit the snapping turtle. You burn the snapping turtle.
You punch the snapping turtle, but do no damage.
The snapping turtle is heavily wounded.
You hit the sky beast. You burn the sky beast.
The sky beast completely misses you. The snapping turtle bites you!!
You hit the snapping turtle but do no damage.
The snapping turtle is heavily wounded.
You miss the sky beast. The sky beast misses you.
The snapping turtle bites you!!
* * * LOW HITPOINT WARNING * * *
Unknown command.
You feel much better. The sky beast barely misses you.
The snapping turtle bites you!!
* * * LOW HITPOINT WARNING * * *
Blink to where?
Press: ? - help, Dir - move target
As you read the scroll of blinking, it crumbles to dust.
As you read the scroll of summoning, it crumbles to dust.
Wisps of shadow whirl around you...
The sky beast hits your small abomination.
The sky beast shocks your small abomination.
The snapping turtle bites you from afar.
* * * LOW HITPOINT WARNING * * *
Unknown command.
You feel much better.
The sky beast barely misses your small abomination.
Your small abomination misses the sky beast.
The snapping turtle barely misses you.
Your small abomination misses the sky beast.
You miss the quokka. The quokka completely misses you.
Your small abomination misses the sky beast.
The sky beast closely misses your small abomination.
Your small abomination hits the sky beast!!
The sky beast dies!
Cheibriados thoroughly appreciates the change of pace.
The snapping turtle bites you from afar!!
You die...

###'##................##..#
))'.##......#..#......##..#
###.##................++..#
....)'................++..#######
'#####......#..#......##..÷.÷....
.#..##................##.....÷...
.#))#####'#####++################
##))##.......##++#####
.#).##.......##.@....#
.#[[##.......##.xrx..#
.#'###...<...###t...##
....##.......# ##''##
....##.......# ....#
######.......# ......#
.#).###########......+
.#†############......#
.#)#....#..[[###....##


You could see a snapping turtle, a quokka and 2 friendly small abominations.

Vanquished Creatures
  A spriggan druid (D)
  An elephant (D)
  A tarantella (D)
  5 dream sheep (D)
  A flying skull (D)
  A warg (D)
  A floating eye (D)
  A black bear (D)
  A wolf (D)
  A kobold brigand (D)
  A bullfrog (D)
  A scorpion (D)
  A crimson imp (D)
  A gnoll bouda (D)
  3 gnolls (D)
  A river rat (D)
  A white imp (D)
  An ufetubus (D)
  An endoplasm (D)
  2 goblins (D)
  A hobgoblin (D)
  3 jackals (D)
  2 kobolds (D)
33 creatures vanquished.

Vanquished Creatures (collateral kills)
  A sky beast (D)
1 creature vanquished.

Grand Total: 34 creatures vanquished

Notes
Turn   | Place    | Note
-------+----------+-------------------------------------------
     0 | D        | rocky1 the Ogre Gladiator began the quest for the Orb.
     0 | D        | Reached XP level 1. HP: 22/22 MP: 1/1
    41 | D        | Found a bloodstained altar of Trog.
    41 | D        | Found a shimmering blue altar of Sif Muna.
    41 | D        | Found a viscous altar of Jiyva.
    41 | D        | Found a hazy altar of Hepliaklqana.
    41 | D        | Found an opulent altar of Gozag.
    42 | D        | Found a glowing golden altar of the Shining One.
    42 | D        | Found a glowing silver altar of Zin.
    42 | D        | Found a basalt altar of Yredelemnul.
    42 | D        | Found a shimmering altar of Xom.
    42 | D        | Found an ornate altar of the Wu Jian Council.
    42 | D        | Found a sacrificial altar of Ru.
    42 | D        | Found a stormy altar of Qazlal.
    42 | D        | Found an iron altar of Okawaru.
    42 | D        | Found a sparkling altar of Nemelex Xobeh.
    42 | D        | Found a burning altar of Makhleb.
    42 | D        | Found a blossoming altar of Fedhas.
    42 | D        | Found a white marble altar of Elyvilon.
    42 | D        | Found a shadowy altar of Dithmenos.
    42 | D        | Found a snail-covered altar of Cheibriados.
    45 | D        | Found a corrupted altar of Lugonu.
    45 | D        | Found a radiant altar of Vehumet.
    46 | D        | Found an ancient bone altar of Kikubaaqudgha.
    46 | D        | Found a hide-covered altar of Uskayaw.
    46 | D        | Found a broken altar of Ashenzari.
    53 | D        | Became a worshipper of Cheibriados the Contemplative
    79 | D        | Reached skill level 3 in Fighting
    80 | D        | Reached * piety under Cheibriados
    84 | D        | Reached skill level 1 in Invocations
   321 | D        | Noticed a floating eye
   324 | D        | Paralysed by a floating eye for 4 turns
   329 | D        | Killed a floating eye
   329 | D        | Reached ** piety under Cheibriados
   330 | D        | Reached skill level 5 in Fighting
   330 | D        | Reached XP level 2. HP: 35/36 MP: 1/5
   330 | D        | Reached XP level 3. HP: 42/44 MP: 1/6
   330 | D        | Reached XP level 4. HP: 50/52 MP: 1/7
   332 | D        | Reached skill level 6 in Fighting
   335 | D        | Reached XP level 5. HP: 59/59 MP: 1/8
   402 | D        | Reached *** piety under Cheibriados
   403 | D        | Reached skill level 1 in Maces & Flails
   403 | D        | Reached skill level 5 in Dodging
   403 | D        | Reached skill level 5 in Invocations
   403 | D        | Noticed a wolf
   414 | D        | Reached skill level 7 in Fighting
   515 | D        | Killed a wolf
   515 | D        | Reached **** piety under Cheibriados
   516 | D        | Reached XP level 6. HP: 48/72 MP: 8/10
   568 | D        | Noticed a flying skull
   570 | D        | Killed a flying skull
   570 | D        | Reached ***** piety under Cheibriados
   571 | D        | Reached skill level 9 in Fighting
   571 | D        | Reached XP level 7. HP: 83/83 MP: 5/12
   641 | D        | Noticed a spriggan druid
   645 | D        | Killed a spriggan druid
   646 | D        | Reached skill level 10 in Fighting
   646 | D        | Reached XP level 8. HP: 59/96 MP: 12/14
   762 | D        | Reached skill level 11 in Fighting
   821 | D        | Noticed a tarantella
   822 | D        | Killed a tarantella
   823 | D        | Reached skill level 10 in Axes
   953 | D        | Noticed a dream sheep
   954 | D        | Noticed a dream sheep
   954 | D        | Noticed a dream sheep
   954 | D        | Noticed a dream sheep
   958 | D        | Noticed a dream sheep
   959 | D        | Killed a dream sheep
   959 | D        | Killed a dream sheep
   959 | D        | Reached ****** piety under Cheibriados
   959 | D        | Noticed a dream sheep
   960 | D        | Reached skill level 12 in Fighting
   960 | D        | Reached XP level 9. HP: 77/106 MP: 10/16
   961 | D        | Reached skill level 10 in Invocations
   961 | D        | Noticed an elephant
   970 | D        | Killed an elephant
   971 | D        | Reached skill level 13 in Fighting
  1137 | D        | Noticed a guardian mummy
  1137 | D        | Noticed a catoblepas
  1137 | D        | Noticed a two-headed ogre
  1179 | D        | HP: 5/110 [snapping turtle (6)]
  1181 | D        | Slain by a snapping turtle

Illustrated notes

Levels and vault maps discovered:
D:        pitsprint [storerooms_1, entrance_room_1, metal_vault_2, armoury_2,
          mini_pit_1, grid_room_1, main_hall_1, silver_pit, the_coven_2,
          the_vestibule_1, steel_vault_2, golden_pit, hallway_of_sentries,
          crystal_vault_4, iron_vault_4, final_vault]

Skill      XL: |  1  2  3  4  5  6  7  8  9 |
---------------+----------------------------+-----
Fighting       | 5 6 7 9 10 12 13 | 13.0
Dodging        | 4 5 6 7 8 9 |  9.6
Invocations    | 4 5 7 8 9 10 | 10.7
Axes           | 6 7 8 9 10 11 | 11.2
Maces & Flails | 3 4 6 7 8 |  8.1
Throwing       | |  2.0

Action                   |  1- 3 |  4- 6 |  7- 9 || total
-------------------------+-------+-------+-------++-------
Melee: War axe           |    22 |    27 |       ||    49
       Hand axe          |       |       |    43 ||    43
       Punch             |       |       |     2 ||     2
       Broad axe         |       |       |     9 ||     9
Throw: Throwing net      |       |     1 |       ||     1
       Large rock        |       |       |     1 ||     1
Invok: Slouch            |       |     1 |     3 ||     4
  Use: Scroll            |       |       |     2 ||     2
       Potion            |       |       |     2 ||     2
 Stab: Held in net/web   |       |     1 |       ||     1
Armor: Robe              |     8 |     5 |     5 ||    18
Dodge: Dodged            |    17 |    25 |    35 ||    77

Table legend: (Time is in decaauts)
 A = Elapsed time spent in this place.
 B = Non-inter-level travel time spent in this place.
 C = Inter-level travel time spent in this place.
 D = Time resting spent in this place.
 E = Time spent auto-exploring this place.
 F = Levels seen in this place.
 G = Mean time per level.
                   A        B        C        D        E       F      G
               +--------+--------+--------+--------+--------+-----+--------+
         Total |   1391 |   1278 |    113 |    719 |      0 |   1 | 1391.0 |
       Dungeon |   1391 |   1278 |    113 |    719 |      0 |   1 | 1391.0 |
               +--------+--------+--------+--------+--------+-----+--------+

Top non-repeatable levels by time:
       D: 1391 daAuts
